 Dungeon Crawl Stone Soup version 0.23-a0-344-ge122d05 (webtiles) character file.

94 rabbit the Shield-Bearer (level 4, -7/29 HPs)
             Began as a Gargoyle Fighter on Oct 19, 2018.
             Killed from afar by Ijyb (9 damage)
             ... with a wand of flame (21)
             ... on level 3 of the Dungeon.
             The game lasted 00:02:40 (1731 turns).

rabbit the Shield-Bearer (Gargoyle Fighter)         Turns: 1731, Time: 00:02:41

Health: -7/29      AC: 10    Str: 20    XL:     4   Next: 63%
Magic:  4/4        EV:  7    Int:  9    God:
Gold:   135        SH:  9    Dex:  9    Spells: 3/3 levels left

rFire    . . .     SeeInvis .   a - +1 flail
rCold    . . .     Gourm    .   c - +0 shield
rNeg     + . .     Faith    .   b - +0 scale mail
rPois    ∞         Spirit   .   (no helmet)
rElec    +         Reflect  .   (no cloak)
rCorr    .         Harm     .   (no gloves)
MR       .....                  (no boots)
Stlth    ..........             (no amulet)
HPRegen  0.09/turn              (no ring)
MPRegen  0.09/turn              (no ring)

@: no status effects
A: negative energy resistance 1, electricity resistance, unbreathing,
petrification resistance, rot immunity, AC +3
a: no special abilities


You were on level 3 of the Dungeon.
You were not hungry.

You visited 1 branch of the dungeon, and saw 3 of its levels.

You collected 135 gold pieces.

Inventory:

Hand Weapons
 a - a +1 flail (weapon)
Missiles
 l - 130 stones (quivered)
Armour
 b - a +0 scale mail (worn)
 c - a +0 shield (worn)
Jewellery
 g - an uncursed amulet of rage
 k - an uncursed ring of protection from magic {unknown}
 r - a cursed ring of teleportation {unknown}
Scrolls
 e - a scroll of remove curse {unknown}
 h - 3 scrolls of blinking {unknown}
 i - a scroll of magic mapping
 m - a scroll of teleportation {unknown}
 n - 2 scrolls of fear {unknown}
 q - a scroll of random uselessness {unknown}
Potions
 d - 4 potions of might
 j - a potion of curing {unknown}
 o - 2 potions of flight {unknown}
 p - a potion of ambrosia {unknown}
Comestibles
 f - 5 rations


   Skills:
 + Level 3.9 Fighting
 * Level 3.3 Maces & Flails
 + Level 3.8 Armour
 + Level 3.9 Shields


You had 3 spell levels left.
You didn't know any spells.
Your spell library was empty.

Dungeon Overview and Level Annotations

Branches:
Dungeon (3/15)

Altars:

Annotations:
D:3 Ijyb


Innate Abilities, Weirdness & Mutations

You are resistant to torment.
Your stone body is resilient. (AC +3)
You are immune to poison.
You resist negative energy. (rN+)
You are resistant to electric shocks. (rElec)
You can survive without breathing.
You are immune to petrification.
You are immune to rotting.


Message History

The puff of flame hits you!
You closely miss something.
You hear a zap.
A puff of flame appears from out of thin air!
You block the puff of flame.
You miss something.
You hear a zap.
A puff of flame appears from out of thin air!
You block the puff of flame.
You hear a zap.
A puff of flame appears from out of thin air!
The puff of flame hits you!
* * * LOW HITPOINT WARNING * * *
You miss something. Something hits you but does no damage.
You hit something. Something hits you but does no damage.
You miss something. Something hits you but does no damage.
You hear a zap.
A puff of flame appears from out of thin air!
The puff of flame hits you!
You die...

##### #...###
#.#...##############
#...#.......[.......
###.#######.........
#.# #......... #.#
##....^.... #)#
####..........
#@#...............
#....#####..†.....
..........##
#........
.....(..###
#........ ......#.#
#........ ......#..
########## ......#..
#...# #### ##### #..
#...###... ###.
#...##..##


There were no monsters in sight!

Vanquished Creatures
  4 adders
  An ooze (D:2)
  A worm (D:2)
  2 orcs (D:3)
  8 bats
  4 giant cockroaches
  6 goblins
  5 hobgoblins
  10 kobolds
  2 frilled lizards
  6 rats
49 creatures vanquished.

Notes
Turn   | Place    | Note
-------+----------+-------------------------------------------
     0 | D:1      | rabbit the Gargoyle Fighter began the quest for the Orb.
     0 | D:1      | Reached XP level 1. HP: 14/14 MP: 1/1
   188 | D:1      | Reached XP level 2. HP: 16/19 MP: 2/2
   781 | D:2      | Reached XP level 3. HP: 11/23 MP: 3/3
  1065 | D:2      | Found a faded altar of an unknown god.
  1156 | D:2      | Reached XP level 4. HP: 29/29 MP: 4/4
  1698 | D:3      | Noticed Ijyb
  1728 | D:3      | HP: 1/29 [something/wand of flame (22) (4)]
  1731 | D:3      | Killed from afar by Ijyb

Vault maps used:
D:1:      dpeg_arrival_oval
D:2:      chequers_ecumenical_altar_twisty, minmay_misc_feat_cross
D:3:      uniq_ijyb

Skill      XL: |  1  2  3 |
---------------+----------+-----
Maces & Flails | 3 |  3.3
Fighting       | |  3.9
Armour         | |  3.8
Shields        | |  3.9

Action                   |  1- 3 |  4- 6 || total
-------------------------+-------+-------++-------
Melee: Flail             |   114 |   100 ||   214
  Use: Scroll            |     4 |       ||     4
  Eat: Chunk             |     1 |     2 ||     3
Armor: Scale mail        |    79 |    59 ||   138
Dodge: Dodged            |    47 |    35 ||    82
Block: Shield            |    78 |    59 ||   137

Table legend:
 A = Non-vault XP
 B = Vault XP
 C = Vault XP percentage of total XP
 D = Non-vault monster count
 E = Vault monster count
 F = Vault count percentage of total count
                 A         B        C        D         E       F
            +---------+---------+-------+---------+---------+-------
      Total |     135 |       0 |   0.0 |      49 |       0 |   0.0
            +---------+---------+-------+---------+---------+-------
        D:1 |      19 |       0 |   0.0 |      11 |       0 |   0.0
        D:2 |      74 |       0 |   0.0 |      26 |       0 |   0.0
        D:3 |      42 |       0 |   0.0 |      12 |       0 |   0.0
            +---------+---------+-------+---------+---------+-------
